Workbook

Sheet Tabela_2025
A1: Referência | B1: Preço | D1: Referência | E1: Preço | G1: Referência | H1: Preço | J1: Referência | K1: Preço | M1: MARGEM | N1: 0.9
D2: 25-7014-1 | E2: 15.65 | G2: 25-7031-1 | H2: 37 | J2: 25-7039-1 | K2: 41.25
A3: TAÇAS | D3: 25-7014-2 | E3: 17.6 | G3: 25-7031-2 | H3: 42.2 | J3: 25-7039-2 | K3: 42.45
D4: 25-7014-3 | E4: 19.55 | G4: 25-7031-3 | H4: 47.3 | J4: 25-7039-3 | K4: 52.75
A5: 25-7001-1 | B5: 42.3 | G5: 25-7031-4 | H5: 55.8 | J5: 25-7039-4 | K5: 53.95
A6: 25-7001-2 | B6: 43.65 | D6: 25-7015-1 | E6: 28.4 | G6: 25-7031-5 | H6: 61.4 | J6: 25-7039-5 | K6: 62.4
A7: 25-7001-3 | B7: 45.1 | D7: 25-7015-2 | E7: 31.7 | G7: 25-7031-6 | H7: 71.6 | J7: 25-7039-6 | K7: 63.9
A9: 25-7002-1 | B9: 30.3 | D9: 25-7016-1 | E9: 23.7 | G9: 25-7032-1 | H9: 119 | J9: 25-7039T-1 | K9: 47.85
A10: 25-7002-2 | B10: 36.25 | D10: 25-7016-2 | E10: 27.8 | G10: 25-7032-2 | H10: 123 | J10: 25-7039T-2 | K10: 49.05
A11: 25-7002-3 | B11: 43.2 | D11: 25-7016-3 | E11: 29.75 | G11: 25-7032-3 | H11: 127 | J11: 25-7039T-3 | K11: 63.6
G12: 25-7032-4 | H12: 131 | J12: 25-7039T-4 | K12: 64.8
A13: 25-7003-1 | B13: 35.15 | D13: 25-7017-1 | E13: 12 | J13: 25-7039T-5 | K13: 74.05
A14: 25-7003-2 | B14: 44.7 | D14: 25-7017-2 | E14: 16.25 | G14: 25-7033-1 | H14: 46.75 | J14: 25-7039T-6 | K14: 75.55
A15: 25-7003-3 | B15: 61.3 | D15: 25-7017-3 | E15: 18.2 | G15: 25-7033-2 | H15: 50.35
G16: 25-7033-3 | H16: 60.75 | J16: 25-7040-1 | K16: 14.85
A17: 25-7004-1 | B17: 29.8 | D17: 25-7018-1 | E17: 37.25 | G17: 25-7033-4 | H17: 62.75 | J17: 25-7040-2 | K17: 17.2
A18: 25-7004-2 | B18: 33.8 | D18: 25-7018-2 | E18: 44.4 | J18: 25-7040-3 | K18: 20.5
A19: 25-7004-3 | B19: 38.6 | G19: 25-7034-1 | H19: 21.3 | J19: 25-7040-4 | K19: 21.85
D20: 25-7019-1 | E20: 29 | G20: 25-7034-2 | H20: 23.95 | J20: 25-7040-5 | K20: 26.15
A21: 25-7005-1 | B21: 45.4 | D21: 25-7019-2 | E21: 30.8 | G21: 25-7034-3 | H21: 27.2
A22: 25-7005-2 | B22: 47.75 | D22: 25-7019-3 | E22: 32.3 | G22: 25-7034-4 | H22: 28.3 | J22: 25-7040T-1 | K22: 17.75
A23: 25-7005-3 | B23: 53.25 | J23: 25-7040T-2 | K23: 20.6
D24: 25-7020-1 | E24: 11.45 | G24: 25-7035-1 | H24: 48.15 | J24: 25-7040T-3 | K24: 24.85
A25: 25-7006-1 | B25: 24.35 | D25: 25-7020-2 | E25: 15.9 | G25: 25-7035-2 | H25: 59.35 | J25: 25-7040T-4 | K25: 26.2
A26: 25-7006-2 | B26: 26.2 | D26: 25-7020-3 | E26: 17.65 | G26: 25-7035-3 | H26: 69.85 | J26: 25-7040T-5 | K26: 31.3
A27: 25-7006-3 | B27: 32.8
D28: 25-7021-1 | E28: 14.6 | G28: 25-7036-1 | H28: 38.2 | J28: 25-7041-1 | K28: 17.4
A29: 25-7007-1 | B29: 63.5 | D29: 25-7021-2 | E29: 17.85 | G29: 25-7036-2 | H29: 49.4 | J29: 25-7041-2 | K29: 20.25
A30: 25-7007-2 | B30: 65 | D30: 25-7021-3 | E30: 20.85 | G30: 25-7036-3 | H30: 57.3 | J30: 25-7041-3 | K30: 25.95
A31: 25-7007-3 | B31: 66.5 | D31: 25-7021-4 | E31: 24.4 | J31: 25-7041-4 | K31: 27.7
G32: 25-7036T-1 | H32: 44.8 | J32: 25-7041-5 | K32: 30.3
A33: 25-7008-1 | B33: 22.15 | D33: 25-7022-1 | E33: 16.95 | G33: 25-7036T-2 | H33: 60.25 | J33: 25-7041-6 | K33: 32.35
A34: 25-7008-2 | B34: 23.55 | D34: 25-7022-2 | E34: 17.8 | G34: 25-7036T-3 | H34: 68.95
A35: 25-7008-3 | B35: 25 | D35: 25-7022-3 | E35: 19.7 | J35: 25-7042-1 | K35: 11.75
G36: 25-7037-1 | H36: 35.4 | J36: 25-7042-2 | K36: 12.8
A37: 25-7009-1 | B37: 26.5 | D37: 25-7023-1 | E37: 12.25 | G37: 25-7037-2 | H37: 45.45 | J37: 25-7042-3 | K37: 14.6
A38: 25-7009-2 | B38: 29.9 | D38: 25-7023-2 | E38: 16.75 | G38: 25-7037-3 | H38: 53.3 | J38: 25-7042-4 | K38: 15.65
A39: 25-7009-3 | B39: 35.35 | D39: 25-7023-3 | E39: 18.3 | J39: 25-7042-5 | K39: 18.8
G40: 25-7037T-1 | H40: 42 | J40: 25-7042-6 | K40: 23
A41: 25-7010-1 | B41: 17.55 | D41: 25-7024-1 | E41: 11.75 | G41: 25-7037T-2 | H41: 56.3
A42: 25-7010-2 | B42: 21.5 | D42: 25-7024-2 | E42: 13.3 | G42: 25-7037T-3 | H42: 64.95 | J42: 25-7042T-1 | K42: 14.65
A43: 25-7010-3 | B43: 23.75 | D43: 25-7024-3 | E43: 14.6 | J43: 25-7042T-2 | K43: 15.7
G44: 25-7038-1 | H44: 40.95 | J44: 25-7042T-3 | K44: 18
A45: 25-7011-1 | B45: 11.15 | D45: 25-7025-1 | E45: 12.75 | G45: 25-7038-2 | H45: 42 | J45: 25-7042T-4 | K45: 19.05
A46: 25-7011-2 | B46: 12 | D46: 25-7025-2 | E46: 14.9 | G46: 25-7038-3 | H46: 52.85 | J46: 25-7042T-5 | K46: 23.15
A47: 25-7011-3 | B47: 13.7 | D47: 25-7025-3 | E47: 16.3 | G47: 25-7038-4 | H47: 54 | J47: 25-7042T-6 | K47: 27.35
G48: 25-7038-5 | H48: 61.95
A49: 25-7012-1 | B49: 18.55 | D49: 25-7026-1 | E49: 11.4 | G49: 25-7038-6 | H49: 63.1 | J49: 25-7043-1 | K49: 15.15
A50: 25-7012-2 | B50: 21.45 | D50: 25-7026-2 | E50: 13.15 | J50: 25-7043-2 | K50: 16.3
A51: 25-7012-3 | B51: 23.8 | D51: 25-7026-3 | E51: 14.5 | G51: 25-7038T-1 | H51: 47.55 | J51: 25-7043-3 | K51: 20.15
G52: 25-7038T-2 | H52: 48.6 | J52: 25-7043-4 | K52: 21.4
A53: 25-7013-1 | B53: 17.65 | D53: 25-7027-1 | E53: 5.75 | G53: 25-7038T-3 | H53: 63.7 | J53: 25-7043-5 | K53: 25.4
A54: 25-7013-2 | B54: 21.65 | D54: 25-7027-2 | E54: 6.25 | G54: 25-7038T-4 | H54: 64.85 | J54: 25-7043-6 | K54: 26.6
A55: 25-7013-3 | B55: 25.65 | D55: 25-7027-3 | E55: 6.85 | G55: 25-7038T-5 | H55: 73.6 | J55: 25-7043-7 | K55: 29.8
G56: 25-7038T-6 | H56: 74.75 | J56: 25-7043-8 | K56: 31
D57: 25-7030-1 | E57: 123.4
A59: Referência | B59: Preço | D59: Referência | E59: Preço | G59: Referência | H59: Preço | J59: Referência | K59: Preço
A60: 25-7044-1 | B60: 17.95 | D60: 25-7053-3 | E60: 11.1 | G60: 25-7058-1 | H60: 10.2 | J60: 25-7065T-8 | K60: 22.8
A61: 25-7044-2 | B61: 20.85 | D61: 25-7053-4 | E61: 12.1 | G61: 25-7058-2 | H61: 11.3
A62: 25-7044-3 | B62: 24.6 | D62: 25-7053-5 | E62: 15.45 | G62: 25-7058-3 | H62: 12.45 | J62: 25-7066-1 | K62: 7.1
A63: 25-7044-4 | B63: 28.4 | D63: 25-7053-6 | E63: 16.2 | G63: 25-7058-4 | H63: 13.45 | J63: 25-7066-2 | K63: 8.15
D64: 25-7053-7 | E64: 19.3 | G64: 25-7058-5 | H64: 16.7 | J64: 25-7066-3 | K64: 8.95
A65: 25-7045-1 | B65: 15.15 | G65: 25-7058-6 | H65: 17.5 | J65: 25-7066-4 | K65: 9.95
A66: 25-7045-2 | B66: 16.3 | D66: 25-7054-1 | E66: 9.5 | G66: 25-7058-7 | H66: 20.6 | J66: 25-7066-5 | K66: 11
A67: 25-7045-3 | B67: 20.15 | D67: 25-7054-2 | E67: 10.4 | G67: 25-7058-8 | H67: 21.75 | J67: 25-7066-6 | K67: 12
A68: 25-7045-4 | B68: 21.4 | D68: 25-7054-3 | E68: 11.6 | J68: 25-7066-7 | K68: 13.2
A69: 25-7045-5 | B69: 25.4 | D69: 25-7054-4 | E69: 12.5 | G69: 25-7059-1 | H69: 7.95 | J69: 25-7066-8 | K69: 16.6
A70: 25-7045-6 | B70: 26.6 | D70: 25-7054-5 | E70: 15.35 | G70: 25-7059-2 | H70: 9.6
A71: 25-7045-7 | B71: 29.8 | D71: 25-7054-6 | E71: 16.85 | G71: 25-7059-3 | H71: 12.55 | J71: 25-7067-1 | K71: 6.95
A72: 25-7045-8 | B72: 31 | D72: 25-7054-7 | E72: 18.7 | G72: 25-7059-4 | H72: 15.35 | J72: 25-7067-2 | K72: 7.95
D73: 25-7054-8 | E73: 19.75 | J73: 25-7067-3 | K73: 9.2
A74: 25-7046-1 | B74: 20.35 | G74: 25-7060-1 | H74: 8.9 | J74: 25-7067-4 | K74: 10.45
A75: 25-7046-2 | B75: 22.1 | D75: 25-7054T-1 | E75: 12.4 | G75: 25-7060-2 | H75: 12.6 | J75: 25-7067-5 | K75: 12.8
A76: 25-7046-3 | B76: 27.5 | D76: 25-7054T-2 | E76: 13.3 | G76: 25-7060-3 | H76: 16.1 | J76: 25-7067-6 | K76: 16
A77: 25-7046-4 | B77: 30.4 | D77: 25-7054T-3 | E77: 15 | G77: 25-7060-4 | H77: 19.3
D78: 25-7054T-4 | E78: 15.9 | J78: 25-7067T-1 | K78: 9.5
A79: 25-7047-1 | B79: 17.15 | D79: 25-7054T-5 | E79: 19.7 | G79: 25-7060T-1 | H79: 11.8 | J79: 25-7067T-2 | K79: 10.85
A80: 25-7047-2 | B80: 20.25 | D80: 25-7054T-6 | E80: 21.2 | G80: 25-7060T-2 | H80: 16 | J80: 25-7067T-3 | K80: 12.1
A81: 25-7047-3 | B81: 26 | D81: 25-7054T-7 | E81: 23.85 | G81: 25-7060T-3 | H81: 20.45 | J81: 25-7067T-4 | K81: 13.85
A82: 25-7047-4 | B82: 27.8 | D82: 25-7054T-8 | E82: 24.9 | G82: 25-7060T-4 | H82: 24.45 | J82: 25-7067T-5 | K82: 17.15
A83: 25-7047-5 | B83: 30.3 | J83: 25-7067T-6 | K83: 21.15
A84: 25-7047-6 | B84: 32.4 | D84: 25-7055-1 | E84: 9.9 | G84: 25-7061-1 | H84: 8.1
D85: 25-7055-2 | E85: 10.65 | G85: 25-7061-2 | H85: 9.15 | J85: 25-7068-1 | K85: 5.9
A86: 25-7048-1 | B86: 17.2 | D86: 25-7055-3 | E86: 13.65 | G86: 25-7061-3 | H86: 11.6 | J86: 25-7068-2 | K86: 7.1
A87: 25-7048-2 | B87: 23.85 | D87: 25-7055-4 | E87: 15.8 | G87: 25-7061-4 | H87: 15.15 | J87: 25-7068-3 | K87: 7.8
A88: 25-7048-3 | B88: 27.35 | D88: 25-7055-5 | E88: 16.8 | J88: 25-7068-4 | K88: 8.5
D89: 25-7055-6 | E89: 18.85 | G89: 25-7061T-1 | H89: 11 | J89: 25-7068-5 | K89: 9.8
A90: 25-7048T-1 | B90: 20.6 | D90: 25-7055-7 | E90: 20.65 | G90: 25-7061T-2 | H90: 12.55 | J90: 25-7068-6 | K90: 11.2
A91: 25-7048T-2 | B91: 28.2 | G91: 25-7061T-3 | H91: 15.95 | J91: 25-7068-7 | K91: 14
A92: 25-7048T-3 | B92: 32.5 | D92: 25-7056-1 | E92: 10.95 | G92: 25-7061T-4 | H92: 20.3 | J92: 25-7068-8 | K92: 16.5
D93: 25-7056-2 | E93: 11.55
A94: 25-7049-1 | B94: 12.3 | D94: 25-7056-3 | E94: 12.6 | G94: 25-7064-1 | H94: 5.85 | J94: 25-7069-1 | K94: 4.9
A95: 25-7049-2 | B95: 17.1 | D95: 25-7056-4 | E95: 13.4 | G95: 25-7064-2 | H95: 7.1 | J95: 25-7069-2 | K95: 5.85
A96: 25-7049-3 | B96: 21.95 | D96: 25-7056-5 | E96: 15.75 | G96: 25-7064-3 | H96: 7.75 | J96: 25-7069-3 | K96: 6.5
A97: 25-7049-4 | B97: 25.15 | D97: 25-7056-6 | E97: 16.75 | G97: 25-7064-4 | H97: 8.6 | J97: 25-7069-4 | K97: 7.4
D98: 25-7056-7 | E98: 18.55 | G98: 25-7064-5 | H98: 9.95 | J98: 25-7069-5 | K98: 8.8
A99: 25-7050-1 | B99: 17.2 | D99: 25-7056-8 | E99: 19.65 | G99: 25-7064-6 | H99: 11.35 | J99: 25-7069-6 | K99: 9.6
A100: 25-7050-2 | B100: 23.85 | G100: 25-7064-7 | H100: 14 | J100: 25-7069-7 | K100: 11.2
A101: 25-7050-3 | B101: 27.35 | D101: 25-7056T-1 | E101: 13.85 | G101: 25-7064-8 | H101: 16.4 | J101: 25-7069-8 | K101: 12.2
D102: 25-7056T-2 | E102: 14.45
...

Sheet Tabela_2025_PVP
J1: QUADROS
J2: 25-7599-1 | K2: =IF(Tabela_2025!K668="","",(CEILING((Tabela_2025!K668*(1+Tabela_2025!$N$1)),0.05))) -> 144.4
K3: =IF(Tabela_2025!K669="","",(CEILING((Tabela_2025!K669*(1+Tabela_2025!$N$1)),0.05)))
J4: 25-7600-1 | K4: =IF(Tabela_2025!K670="","",(CEILING((Tabela_2025!K670*(1+Tabela_2025!$N$1)),0.05))) -> 229.9
K5: =IF(Tabela_2025!K671="","",(CEILING((Tabela_2025!K671*(1+Tabela_2025!$N$1)),0.05)))
J6: 25-7601-1 | K6: =IF(Tabela_2025!K672="","",(CEILING((Tabela_2025!K672*(1+Tabela_2025!$N$1)),0.05))) -> 16.35
K7: =IF(Tabela_2025!K673="","",(CEILING((Tabela_2025!K673*(1+Tabela_2025!$N$1)),0.05)))
J8: 25-7602-1 | K8: =IF(Tabela_2025!K674="","",(CEILING((Tabela_2025!K674*(1+Tabela_2025!$N$1)),0.05))) -> 29.85
J9: 25-7602-2 | K9: =IF(Tabela_2025!K675="","",(CEILING((Tabela_2025!K675*(1+Tabela_2025!$N$1)),0.05))) -> 32.3
J10: 25-7602-3 | K10: =IF(Tabela_2025!K676="","",(CEILING((Tabela_2025!K676*(1+Tabela_2025!$N$1)),0.05))) -> 36.6
J12: SALVAS
J13: 25-7603-1 | K13: =IF(Tabela_2025!K679="","",(CEILING((Tabela_2025!K679*(1+Tabela_2025!$N$1)),0.05))) -> 76.6
J14: 25-7603-2 | K14: =IF(Tabela_2025!K680="","",(CEILING((Tabela_2025!K680*(1+Tabela_2025!$N$1)),0.05))) -> 90.25
J15: 25-7603-3 | K15: =IF(Tabela_2025!K681="","",(CEILING((Tabela_2025!K681*(1+Tabela_2025!$N$1)),0.05))) -> 106.4
K16: =IF(Tabela_2025!K682="","",(CEILING((Tabela_2025!K682*(1+Tabela_2025!$N$1)),0.05)))
J17: 25-7604-1 | K17: =IF(Tabela_2025!K683="","",(CEILING((Tabela_2025!K683*(1+Tabela_2025!$N$1)),0.05))) -> 36.3
J18: 25-7604-2 | K18: =IF(Tabela_2025!K684="","",(CEILING((Tabela_2025!K684*(1+Tabela_2025!$N$1)),0.05))) -> 61.5
K19: =IF(Tabela_2025!K685="","",(CEILING((Tabela_2025!K685*(1+Tabela_2025!$N$1)),0.05)))
J20: 25-7605-1 | K20: =IF(Tabela_2025!K686="","",(CEILING((Tabela_2025!K686*(1+Tabela_2025!$N$1)),0.05))) -> 10.85
J21: 25-7605-2 | K21: =IF(Tabela_2025!K687="","",(CEILING((Tabela_2025!K687*(1+Tabela_2025!$N$1)),0.05))) -> 13.8
J22: 25-7605-3 | K22: =IF(Tabela_2025!K688="","",(CEILING((Tabela_2025!K688*(1+Tabela_2025!$N$1)),0.05))) -> 17.5
K23: =IF(Tabela_2025!K689="","",(CEILING((Tabela_2025!K689*(1+Tabela_2025!$N$1)),0.05)))
J24: 25-7606-1 | K24: =IF(Tabela_2025!K690="","",(CEILING((Tabela_2025!K690*(1+Tabela_2025!$N$1)),0.05))) -> 10.4
J25: 25-7606-2 | K25: =IF(Tabela_2025!K691="","",(CEILING((Tabela_2025!K691*(1+Tabela_2025!$N$1)),0.05))) -> 13.9
J26: 25-7606-3 | K26: =IF(Tabela_2025!K692="","",(CEILING((Tabela_2025!K692*(1+Tabela_2025!$N$1)),0.05))) -> 17.7
J27: 25-7606-4 | K27: =IF(Tabela_2025!K693="","",(CEILING((Tabela_2025!K693*(1+Tabela_2025!$N$1)),0.05))) -> 23.75
K28: =IF(Tabela_2025!K694="","",(CEILING((Tabela_2025!K694*(1+Tabela_2025!$N$1)),0.05)))
J29: 25-7607-1 | K29: =IF(Tabela_2025!K695="","",(CEILING((Tabela_2025!K695*(1+Tabela_2025!$N$1)),0.05))) -> 13.25
J30: 25-7607-2 | K30: =IF(Tabela_2025!K696="","",(CEILING((Tabela_2025!K696*(1+Tabela_2025!$N$1)),0.05))) -> 20.45
J31: 25-7607-3 | K31: =IF(Tabela_2025!K697="","",(CEILING((Tabela_2025!K697*(1+Tabela_2025!$N$1)),0.05))) -> 27.3
A32: Referência | B32: Preço | D32: Referência | E32: Preço | G32: Referência | H32: Preço | J32: Referência | K32: Preço
A33: 25-7608-1 | B33: =IF(Tabela_2025!B699="","",(CEILING((Tabela_2025!B699*(1+Tabela_2025!$N$1)),0.05))) -> 18.15 | D33: 25-7624-1 | E33: =IF(Tabela_2025!E699="","",(CEILING((Tabela_2025!E699*(1+Tabela_2025!$N$1)),0.05))) -> 29.4 | G33: 25-7642-1 | H33: =IF(Tabela_2025!H699="","",(CEILING((Tabela_2025!H699*(1+Tabela_2025!$N$1)),0.05))) -> 4.1
A34: 25-7608-2 | B34: =IF(Tabela_2025!B700="","",(CEILING((Tabela_2025!B700*(1+Tabela_2025!$N$1)),0.05))) -> 29.4 | E34: =IF(Tabela_2025!E700="","",(CEILING((Tabela_2025!E700*(1+Tabela_2025!$N$1)),0.05))) | G34: 25-7642-2 | H34: =IF(Tabela_2025!H700="","",(CEILING((Tabela_2025!H700*(1+Tabela_2025!$N$1)),0.05))) -> 5.7 | J34: PLACAS C/CARTEIRA,
A35: 25-7608-3 | B35: =IF(Tabela_2025!B701="","",(CEILING((Tabela_2025!B701*(1+Tabela_2025!$N$1)),0.05))) -> 48.65 | D35: 25-7625-1 | E35: =IF(Tabela_2025!E701="","",(CEILING((Tabela_2025!E701*(1+Tabela_2025!$N$1)),0.05))) -> 21 | G35: 25-7642-3 | H35: =IF(Tabela_2025!H701="","",(CEILING((Tabela_2025!H701*(1+Tabela_2025!$N$1)),0.05))) -> 6.65 | J35: OU C/ ESTOJO
B36: =IF(Tabela_2025!B702="","",(CEILING((Tabela_2025!B702*(1+Tabela_2025!$N$1)),0.05))) | E36: =IF(Tabela_2025!E702="","",(CEILING((Tabela_2025!E702*(1+Tabela_2025!$N$1)),0.05))) | H36: =IF(Tabela_2025!H702="","",(CEILING((Tabela_2025!H702*(1+Tabela_2025!$N$1)),0.05))) | K36: =IF(Tabela_2025!K702="","",(CEILING((Tabela_2025!K702*(1+Tabela_2025!$N$1)),0.05)))
A37: 25-7609-1 | B37: =IF(Tabela_2025!B703="","",(CEILING((Tabela_2025!B703*(1+Tabela_2025!$N$1)),0.05))) -> 10.4 | D37: 25-7626-1 | E37: =IF(Tabela_2025!E703="","",(CEILING((Tabela_2025!E703*(1+Tabela_2025!$N$1)),0.05))) -> 24.9 | G37: 25-7643-1 | H37: =IF(Tabela_2025!H703="","",(CEILING((Tabela_2025!H703*(1+Tabela_2025!$N$1)),0.05))) -> 4.1 | J37: 25-7657-1 | K37: =IF(Tabela_2025!K703="","",(CEILING((Tabela_2025!K703*(1+Tabela_2025!$N$1)),0.05))) -> 10.2
A38: 25-7609-2 | B38: =IF(Tabela_2025!B704="","",(CEILING((Tabela_2025!B704*(1+Tabela_2025!$N$1)),0.05))) -> 18.15 | D38: 25-7626-2 | E38: =IF(Tabela_2025!E704="","",(CEILING((Tabela_2025!E704*(1+Tabela_2025!$N$1)),0.05))) -> 43.15 | G38: 25-7643-2 | H38: =IF(Tabela_2025!H704="","",(CEILING((Tabela_2025!H704*(1+Tabela_2025!$N$1)),0.05))) -> 5.7 | K38: =IF(Tabela_2025!K704="","",(CEILING((Tabela_2025!K704*(1+Tabela_2025!$N$1)),0.05)))
A39: 25-7609-3 | B39: =IF(Tabela_2025!B705="","",(CEILING((Tabela_2025!B705*(1+Tabela_2025!$N$1)),0.05))) -> 29.3 | E39: =IF(Tabela_2025!E705="","",(CEILING((Tabela_2025!E705*(1+Tabela_2025!$N$1)),0.05))) | G39: 25-7643-3 | H39: =IF(Tabela_2025!H705="","",(CEILING((Tabela_2025!H705*(1+Tabela_2025!$N$1)),0.05))) -> 6.65 | J39: 25-7658-1 | K39: =IF(Tabela_2025!K705="","",(CEILING((Tabela_2025!K705*(1+Tabela_2025!$N$1)),0.05))) -> 10.45
A40: 25-7609-4 | B40: =IF(Tabela_2025!B706="","",(CEILING((Tabela_2025!B706*(1+Tabela_2025!$N$1)),0.05))) -> 48.65 | D40: 25-7627-1 | E40: =IF(Tabela_2025!E706="","",(CEILING((Tabela_2025!E706*(1+Tabela_2025!$N$1)),0.05))) -> 22.75 | H40: =IF(Tabela_2025!H706="","",(CEILING((Tabela_2025!H706*(1+Tabela_2025!$N$1)),0.05))) | K40: =IF(Tabela_2025!K706="","",(CEILING((Tabela_2025!K706*(1+Tabela_2025!$N$1)),0.05)))
B41: =IF(Tabela_2025!B707="","",(CEILING((Tabela_2025!B707*(1+Tabela_2025!$N$1)),0.05))) | D41: 25-7627-2 | E41: =IF(Tabela_2025!E707="","",(CEILING((Tabela_2025!E707*(1+Tabela_2025!$N$1)),0.05))) -> 34.8 | G41: 25-7644-1 | H41: =IF(Tabela_2025!H707="","",(CEILING((Tabela_2025!H707*(1+Tabela_2025!$N$1)),0.05))) -> 4.1 | J41: 25-7659-1 | K41: =IF(Tabela_2025!K707="","",(CEILING((Tabela_2025!K707*(1+Tabela_2025!$N$1)),0.05))) -> 10.2
A42: 25-7610-1 | B42: =IF(Tabela_2025!B708="","",(CEILING((Tabela_2025!B708*(1+Tabela_2025!$N$1)),0.05))) -> 23.4 | E42: =IF(Tabela_2025!E708="","",(CEILING((Tabela_2025!E708*(1+Tabela_2025!$N$1)),0.05))) | G42: 25-7644-2 | H42: =IF(Tabela_2025!H708="","",(CEILING((Tabela_2025!H708*(1+Tabela_2025!$N$1)),0.05))) -> 5.7 | K42: =IF(Tabela_2025!K708="","",(CEILING((Tabela_2025!K708*(1+Tabela_2025!$N$1)),0.05)))
B43: =IF(Tabela_2025!B709="","",(CEILING((Tabela_2025!B709*(1+Tabela_2025!$N$1)),0.05))) | D43: 25-7628-1 | E43: =IF(Tabela_2025!E709="","",(CEILING((Tabela_2025!E709*(1+Tabela_2025!$N$1)),0.05))) -> 11.7 | G43: 25-7644-3 | H43: =IF(Tabela_2025!H709="","",(CEILING((Tabela_2025!H709*(1+Tabela_2025!$N$1)),0.05))) -> 6.65 | J43: 25-7660-1 | K43: =IF(Tabela_2025!K709="","",(CEILING((Tabela_2025!K709*(1+Tabela_2025!$N$1)),0.05))) -> 10.45
A44: ESTOJOS P/ SALVAS | E44: =IF(Tabela_2025!E710="","",(CEILING((Tabela_2025!E710*(1+Tabela_2025!$N$1)),0.05))) | H44: =IF(Tabela_2025!H710="","",(CEILING((Tabela_2025!H710*(1+Tabela_2025!$N$1)),0.05))) | K44: =IF(Tabela_2025!K710="","",(CEILING((Tabela_2025!K710*(1+Tabela_2025!$N$1)),0.05)))
B45: =IF(Tabela_2025!B711="","",(CEILING((Tabela_2025!B711*(1+Tabela_2025!$N$1)),0.05))) | D45: 25-7629-1 | E45: =IF(Tabela_2025!E711="","",(CEILING((Tabela_2025!E711*(1+Tabela_2025!$N$1)),0.05))) -> 12.3 | G45: 25-7645-1 | H45: =IF(Tabela_2025!H711="","",(CEILING((Tabela_2025!H711*(1+Tabela_2025!$N$1)),0.05))) -> 5.15 | J45: 25-7661-1 | K45: =IF(Tabela_2025!K711="","",(CEILING((Tabela_2025!K711*(1+Tabela_2025!$N$1)),0.05))) -> 10.2
A46: 25-7611-1 | B46: =IF(Tabela_2025!B712="","",(CEILING((Tabela_2025!B712*(1+Tabela_2025!$N$1)),0.05))) -> 11.4 | E46: =IF(Tabela_2025!E712="","",(CEILING((Tabela_2025!E712*(1+Tabela_2025!$N$1)),0.05))) | G46: 25-7645-2 | H46: =IF(Tabela_2025!H712="","",(CEILING((Tabela_2025!H712*(1+Tabela_2025!$N$1)),0.05))) -> 6 | K46: =IF(Tabela_2025!K712="","",(CEILING((Tabela_2025!K712*(1+Tabela_2025!$N$1)),0.05)))
A47: 25-7611-2 | B47: =IF(Tabela_2025!B713="","",(CEILING((Tabela_2025!B713*(1+Tabela_2025!$N$1)),0.05))) -> 15.4 | D47: 25-7630-1 | E47: =IF(Tabela_2025!E713="","",(CEILING((Tabela_2025!E713*(1+Tabela_2025!$N$1)),0.05))) -> 18.45 | H47: =IF(Tabela_2025!H713="","",(CEILING((Tabela_2025!H713*(1+Tabela_2025!$N$1)),0.05))) | J47: 25-7662-1 | K47: =IF(Tabela_2025!K713="","",(CEILING((Tabela_2025!K713*(1+Tabela_2025!$N$1)),0.05))) -> 10.45
A48: 25-7611-3 | B48: =IF(Tabela_2025!B714="","",(CEILING((Tabela_2025!B714*(1+Tabela_2025!$N$1)),0.05))) -> 18.65 | E48: =IF(Tabela_2025!E714="","",(CEILING((Tabela_2025!E714*(1+Tabela_2025!$N$1)),0.05))) | G48: 25-7646-1 | H48: =IF(Tabela_2025!H714="","",(CEILING((Tabela_2025!H714*(1+Tabela_2025!$N$1)),0.05))) -> 4.1 | K48: =IF(Tabela_2025!K714="","",(CEILING((Tabela_2025!K714*(1+Tabela_2025!$N$1)),0.05)))
A49: 25-7611-4 | B49: =IF(Tabela_2025!B715="","",(CEILING((Tabela_2025!B715*(1+Tabela_2025!$N$1)),0.05))) -> 22.05 | D49: 25-7631-1 | E49: =IF(Tabela_2025!E715="","",(CEILING((Tabela_2025!E715*(1+Tabela_2025!$N$1)),0.05))) -> 8.2 | G49: 25-7646-2 | H49: =IF(Tabela_2025!H715="","",(CEILING((Tabela_2025!H715*(1+Tabela_2025!$N$1)),0.05))) -> 5.7 | J49: 25-7663-1 | K49: =IF(Tabela_2025!K715="","",(CEILING((Tabela_2025!K715*(1+Tabela_2025!$N$1)),0.05))) -> 10.2
B50: =IF(Tabela_2025!B716="","",(CEILING((Tabela_2025!B716*(1+Tabela_2025!$N$1)),0.05))) | E50: =IF(Tabela_2025!E716="","",(CEILING((Tabela_2025!E716*(1+Tabela_2025!$N$1)),0.05))) | G50: 25-7646-3 | H50: =IF(Tabela_2025!H716="","",(CEILING((Tabela_2025!H716*(1+Tabela_2025!$N$1)),0.05))) -> 6.65 | K50: =IF(Tabela_2025!K716="","",(CEILING((Tabela_2025!K716*(1+Tabela_2025!$N$1)),0.05)))
A51: 25-7612-1 | B51: =IF(Tabela_2025!B717="","",(CEILING((Tabela_2025!B717*(1+Tabela_2025!$N$1)),0.05))) -> 7.35 | D51: PLACAS LATÃO | H51: =IF(Tabela_2025!H717="","",(CEILING((Tabela_2025!H717*(1+Tabela_2025!$N$1)),0.05))) | J51: 25-7664-1 | K51: =IF(Tabela_2025!K717="","",(CEILING((Tabela_2025!K717*(1+Tabela_2025!$N$1)),0.05))) -> 10.45
A52: 25-7612-2 | B52: =IF(Tabela_2025!B718="","",(CEILING((Tabela_2025!B718*(1+Tabela_2025!$N$1)),0.05))) -> 8.3 | E52: =IF(Tabela_2025!E718="","",(CEILING((Tabela_2025!E718*(1+Tabela_2025!$N$1)),0.05))) | G52: 25-7647-1 | H52: =IF(Tabela_2025!H718="","",(CEILING((Tabela_2025!H718*(1+Tabela_2025!$N$1)),0.05))) -> 4.1 | K52: =IF(Tabela_2025!K718="","",(CEILING((Tabela_2025!K718*(1+Tabela_2025!$N$1)),0.05)))
A53: 25-7612-3 | B53: =IF(Tabela_2025!B719="","",(CEILING((Tabela_2025!B719*(1+Tabela_2025!$N$1)),0.05))) -> 10.45 | D53: 25-7633-1 | E53: =IF(Tabela_2025!E719="","",(CEILING((Tabela_2025!E719*(1+Tabela_2025!$N$1)),0.05))) -> 20.65 | G53: 25-7647-2 | H53: =IF(Tabela_2025!H719="","",(CEILING((Tabela_2025!H719*(1+Tabela_2025!$N$1)),0.05))) -> 5.7 | J53: 25-7665-1 | K53: =IF(Tabela_2025!K719="","",(CEILING((Tabela_2025!K719*(1+Tabela_2025!$N$1)),0.05))) -> 10.2
A54: 25-7612-4 | B54: =IF(Tabela_2025!B720="","",(CEILING((Tabela_2025!B720*(1+Tabela_2025!$N$1)),0.05))) -> 12 | D54: 25-7633-2 | E54: =IF(Tabela_2025!E720="","",(CEILING((Tabela_2025!E720*(1+Tabela_2025!$N$1)),0.05))) -> 25 | G54: 25-7647-3 | H54: =IF(Tabela_2025!H720="","",(CEILING((Tabela_2025!H720*(1+Tabela_2025!$N$1)),0.05))) -> 6.65 | K54: =IF(Tabela_2025!K720="","",(CEILING((Tabela_2025!K720*(1+Tabela_2025!$N$1)),0.05)))
B55: =IF(Tabela_2025!B721="","",(CEILING((Tabela_2025!B721*(1+Tabela_2025!$N$1)),0.05))) | D55: 25-7633-3 | E55: =IF(Tabela_2025!E721="","",(CEILING((Tabela_2025!E721*(1+Tabela_2025!$N$1)),0.05))) -> 29.55 | H55: =IF(Tabela_2025!H721="","",(CEILING((Tabela_2025!H721*(1+Tabela_2025!$N$1)),0.05))) | J55: 25-7666-1 | K55: =IF(Tabela_2025!K721="","",(CEILING((Tabela_2025!K721*(1+Tabela_2025!$N$1)),0.05))) -> 10.45
A56: ARDÓSIAS | E56: =IF(Tabela_2025!E722="","",(CEILING((Tabela_2025!E722*(1+Tabela_2025!$N$1)),0.05))) | G56: 25-7648-1 | H56: =IF(Tabela_2025!H722="","",(CEILING((Tabela_2025!H722*(1+Tabela_2025!$N$1)),0.05))) -> 4.1 | K56: =IF(Tabela_2025!K722="","",(CEILING((Tabela_2025!K722*(1+Tabela_2025!$N$1)),0.05)))
B57: =IF(Tabela_2025!B723="","",(CEILING((Tabela_2025!B723*(1+Tabela_2025!$N$1)),0.05))) | D57: 25-7634-1 | E57: =IF(Tabela_2025!E723="","",(CEILING((Tabela_2025!E723*(1+Tabela_2025!$N$1)),0.05))) -> 18.55 | G57: 25-7648-2 | H57: =IF(Tabela_2025!H723="","",(CEILING((Tabela_2025!H723*(1+Tabela_2025!$N$1)),0.05))) -> 5.7 | J57: 25-7667-1 | K57: =IF(Tabela_2025!K723="","",(CEILING((Tabela_2025!K723*(1+Tabela_2025!$N$1)),0.05))) -> 10.2
A58: 25-7614-1 | B58: =IF(Tabela_2025!B724="","",(CEILING((Tabela_2025!B724*(1+Tabela_2025!$N$1)),0.05))) -> 19.8 | D58: 25-7634-2 | E58: =IF(Tabela_2025!E724="","",(CEILING((Tabela_2025!E724*(1+Tabela_2025!$N$1)),0.05))) -> 23.85 | G58: 25-7648-3 | H58: =IF(Tabela_2025!H724="","",(CEILING((Tabela_2025!H724*(1+Tabela_2025!$N$1)),0.05))) -> 6.65 | K58: =IF(Tabela_2025!K724="","",(CEILING((Tabela_2025!K724*(1+Tabela_2025!$N$1)),0.05)))
A59: 25-7614-2 | B59: =IF(Tabela_2025!B725="","",(CEILING((Tabela_2025!B725*(1+Tabela_2025!$N$1)),0.05))) -> 21.5 | D59: 25-7634-3 | E59: =IF(Tabela_2025!E725="","",(CEILING((Tabela_2025!E725*(1+Tabela_2025!$N$1)),0.05))) -> 29.45 | H59: =IF(Tabela_2025!H725="","",(CEILING((Tabela_2025!H725*(1+Tabela_2025!$N$1)),0.05))) | J59: 25-7668-1 | K59: =IF(Tabela_2025!K725="","",(CEILING((Tabela_2025!K725*(1+Tabela_2025!$N$1)),0.05))) -> 10.45
A60: 25-7614-3 | B60: =IF(Tabela_2025!B726="","",(CEILING((Tabela_2025!B726*(1+Tabela_2025!$N$1)),0.05))) -> 28.9 | E60: =IF(Tabela_2025!E726="","",(CEILING((Tabela_2025!E726*(1+Tabela_2025!$N$1)),0.05))) | G60: ACESSORIOS P/PLACAS | K60: =IF(Tabela_2025!K726="","",(CEILING((Tabela_2025!K726*(1+Tabela_2025!$N$1)),0.05)))
B61: =IF(Tabela_2025!B727="","",(CEILING((Tabela_2025!B727*(1+Tabela_2025!$N$1)),0.05))) | D61: PLACAS ALUMÍNIO | H61: =IF(Tabela_2025!H727="","",(CEILING((Tabela_2025!H727*(1+Tabela_2025!$N$1)),0.05))) | J61: 25-7669-1 | K61: =IF(Tabela_2025!K727="","",(CEILING((Tabela_2025!K727*(1+Tabela_2025!$N$1)),0.05))) -> 10.2
A62: 25-7615-1 | B62: =IF(Tabela_2025!B728="","",(CEILING((Tabela_2025!B728*(1+Tabela_2025!$N$1)),0.05))) -> 18.25 | E62: =IF(Tabela_2025!E728="","",(CEILING((Tabela_2025!E728*(1+Tabela_2025!$N$1)),0.05))) | G62: 25-7650-1 | H62: =IF(Tabela_2025!H728="","",(CEILING((Tabela_2025!H728*(1+Tabela_2025!$N$1)),0.05))) -> 12.45 | K62: =IF(Tabela_2025!K728="","",(CEILING((Tabela_2025!K728*(1+Tabela_2025!$N$1)),0.05)))
A63: 25-7615-2 | B63: =IF(Tabela_2025!B729="","",(CEILING((Tabela_2025!B729*(1+Tabela_2025!$N$1)),0.05))) -> 25.5 | D63: 25-7635-1 | E63: =IF(Tabela_2025!E729="","",(CEILING((Tabela_2025!E729*(1+Tabela_2025!$N$1)),0.05))) -> 5.15 | G63: 25-7650-2 | H63: =IF(Tabela_2025!H729="","",(CEILING((Tabela_2025!H729*(1+Tabela_2025!$N$1)),0.05))) -> 13.15 | J63: 25-7670-1 | K63: =IF(Tabela_2025!K729="","",(CEILING((Tabela_2025!K729*(1+Tabela_2025!$N$1)),0.05))) -> 10.45
B64: =IF(Tabela_2025!B730="","",(CEILING((Tabela_2025!B730*(1+Tabela_2025!$N$1)),0.05))) | D64: 25-7635-2 | E64: =IF(Tabela_2025!E730="","",(CEILING((Tabela_2025!E730*(1+Tabela_2025!$N$1)),0.05))) -> 6 | G64: 25-7650-3 | H64: =IF(Tabela_2025!H730="","",(CEILING((Tabela_2025!H730*(1+Tabela_2025!$N$1)),0.05))) -> 14.25 | K64: =IF(Tabela_2025!K730="","",(CEILING((Tabela_2025!K730*(1+Tabela_2025!$N$1)),0.05)))
A65: 25-7616-1 | B65: =IF(Tabela_2025!B731="","",(CEILING((Tabela_2025!B731*(1+Tabela_2025!$N$1)),0.05))) -> 18.75 | E65: =IF(Tabela_2025!E731="","",(CEILING((Tabela_2025!E731*(1+Tabela_2025!$N$1)),0.05))) | H65: =IF(Tabela_2025!H731="","",(CEILING((Tabela_2025!H731*(1+Tabela_2025!$N$1)),0.05))) | J65: 25-7671-1 | K65: =IF(Tabela_2025!K731="","",(CEILING((Tabela_2025!K731*(1+Tabela_2025!$N$1)),0.05))) -> 10.2
B66: =IF(Tabela_2025!B732="","",(CEILING((Tabela_2025!B732*(1+Tabela_2025!$N$1)),0.05))) | D66: 25-7636-1 | E66: =IF(Tabela_2025!E732="","",(CEILING((Tabela_2025!E732*(1+Tabela_2025!$N$1)),0.05))) -> 4.1 | G66: 25-7651-1 | H66: =IF(Tabela_2025!H732="","",(CEILING((Tabela_2025!H732*(1+Tabela_2025!$N$1)),0.05))) -> 13.15 | K66: =IF(Tabela_2025!K732="","",(CEILING((Tabela_2025!K732*(1+Tabela_2025!$N$1)),0.05)))
A67: CERÂMICA | D67: 25-7636-2 | E67: =IF(Tabela_2025!E733="","",(CEILING((Tabela_2025!E733*(1+Tabela_2025!$N$1)),0.05))) -> 5.7 | G67: 25-7651-2 | H67: =IF(Tabela_2025!H733="","",(CEILING((Tabela_2025!H733*(1+Tabela_2025!$N$1)),0.05))) -> 17.5 | J67: 25-7672-1 | K67: =IF(Tabela_2025!K733="","",(CEILING((Tabela_2025!K733*(1+Tabela_2025!$N$1)),0.05))) -> 10.45
B68: =IF(Tabela_2025!B734="","",(CEILING((Tabela_2025!B734*(1+Tabela_2025!$N$1)),0.05))) | D68: 25-7636-3 | E68: =IF(Tabela_2025!E734="","",(CEILING((Tabela_2025!E734*(1+Tabela_2025!$N$1)),0.05))) -> 6.65 | H68: =IF(Tabela_2025!H734="","",(CEILING((Tabela_2025!H734*(1+Tabela_2025!$N$1)),0.05))) | K68: =IF(Tabela_2025!K734="","",(CEILING((Tabela_2025!K734*(1+Tabela_2025!$N$1)),0.05)))
A69: 25-7617-1 | B69: =IF(Tabela_2025!B735="","",(CEILING((Tabela_2025!B735*(1+Tabela_2025!$N$1)),0.05))) -> 26.05 | E69: =IF(Tabela_2025!E735="","",(CEILING((Tabela_2025!E735*(1+Tabela_2025!$N$1)),0.05))) | G69: 25-7652-1 | H69: =IF(Tabela_2025!H735="","",(CEILING((Tabela_2025!H735*(1+Tabela_2025!$N$1)),0.05))) -> 7.9 | J69: 25-7673-1 | K69: =IF(Tabela_2025!K735="","",(CEILING((Tabela_2025!K735*(1+Tabela_2025!$N$1)),0.05))) -> 10.2
B70: =IF(Tabela_2025!B736="","",(CEILING((Tabela_2025!B736*(1+Tabela_2025!$N$1)),0.05))) | D70: 25-7637-1 | E70: =IF(Tabela_2025!E736="","",(CEILING((Tabela_2025!E736*(1+Tabela_2025!$N$1)),0.05))) -> 4.1 | G70: 25-7652-2 | H70: =IF(Tabela_2025!H736="","",(CEILING((Tabela_2025!H736*(1+Tabela_2025!$N$1)),0.05))) -> 8.3 | K70: =IF(Tabela_2025!K736="","",(CEILING((Tabela_2025!K736*(1+Tabela_2025!$N$1)),0.05)))
A71: PLACA C/ SUP. ACRÍLICO | D71: 25-7637-2 | E71: =IF(Tabela_2025!E737="","",(CEILING((Tabela_2025!E737*(1+Tabela_2025!$N$1)),0.05))) -> 5.7 | G71: 25-7652-3 | H71: =IF(Tabela_2025!H737="","",(CEILING((Tabela_2025!H737*(1+Tabela_2025!$N$1)),0.05))) -> 8.95 | J71: 25-7674-1 | K71: =IF(Tabela_2025!K737="","",(CEILING((Tabela_2025!K737*(1+Tabela_2025!$N$1)),0.05))) -> 10.45
A72: 25-7618-1 | B72: =IF(Tabela_2025!B738="","",(CEILING((Tabela_2025!B738*(1+Tabela_2025!$N$1)),0.05))) -> 26.6 | D72: 25-7637-3 | E72: =IF(Tabela_2025!E738="","",(CEILING((Tabela_2025!E738*(1+Tabela_2025!$N$1)),0.05))) -> 6.65 | H72: =IF(Tabela_2025!H738="","",(CEILING((Tabela_2025!H738*(1+Tabela_2025!$N$1)),0.05))) | K72: =IF(Tabela_2025!K738="","",(CEILING((Tabela_2025!K738*(1+Tabela_2025!$N$1)),0.05)))
B73: =IF(Tabela_2025!B739="","",(CEILING((Tabela_2025!B739*(1+Tabela_2025!$N$1)),0.05))) | E73: =IF(Tabela_2025!E739="","",(CEILING((Tabela_2025!E739*(1+Tabela_2025!$N$1)),0.05))) | G73: 25-7653-1 | H73: =IF(Tabela_2025!H739="","",(CEILING((Tabela_2025!H739*(1+Tabela_2025!$N$1)),0.05))) -> 7.55 | J73: MEDALHÕES C/ ESTOJO
A74: 25-7619-1 | B74: =IF(Tabela_2025!B740="","",(CEILING((Tabela_2025!B740*(1+Tabela_2025!$N$1)),0.05))) -> 21.85 | D74: 25-7638-1 | E74: =IF(Tabela_2025!E740="","",(CEILING((Tabela_2025!E740*(1+Tabela_2025!$N$1)),0.05))) -> 5.05 | G74: 25-7653-2 | H74: =IF(Tabela_2025!H740="","",(CEILING((Tabela_2025!H740*(1+Tabela_2025!$N$1)),0.05))) -> 13.3
A75: 25-7619-2 | B75: =IF(Tabela_2025!B741="","",(CEILING((Tabela_2025!B741*(1+Tabela_2025!$N$1)),0.05))) -> 27 | D75: 25-7638-2 | E75: =IF(Tabela_2025!E741="","",(CEILING((Tabela_2025!E741*(1+Tabela_2025!$N$1)),0.05))) -> 5.45 | G75: 25-7653-3 | H75: =IF(Tabela_2025!H741="","",(CEILING((Tabela_2025!H741*(1+Tabela_2025!$N$1)),0.05))) -> 14.65 | J75: 25-7676-1 | K75: =IF(Tabela_2025!K741="","",(CEILING((Tabela_2025!K741*(1+Tabela_2025!$N$1)),0.05))) -> 18
B76: =IF(Tabela_2025!B742="","",(CEILING((Tabela_2025!B742*(1+Tabela_2025!$N$1)),0.05))) | D76: 25-7638-3 | E76: =IF(Tabela_2025!E742="","",(CEILING((Tabela_2025!E742*(1+Tabela_2025!$N$1)),0.05))) -> 5.9 | H76: =IF(Tabela_2025!H742="","",(CEILING((Tabela_2025!H742*(1+Tabela_2025!$N$1)),0.05))) | K76: =IF(Tabela_2025!K742="","",(CEILING((Tabela_2025!K742*(1+Tabela_2025!$N$1)),0.05)))
A77: PLACAS C/ ESTOJO E/OU MADEIRA | E77: =IF(Tabela_2025!E743="","",(CEILING((Tabela_2025!E743*(1+Tabela_2025!$N$1)),0.05))) | G77: 25-7654-1 | H77: =IF(Tabela_2025!H743="","",(CEILING((Tabela_2025!H743*(1+Tabela_2025!$N$1)),0.05))) -> 3.25 | J77: 25-7677-1 | K77: =IF(Tabela_2025!K743="","",(CEILING((Tabela_2025!K743*(1+Tabela_2025!$N$1)),0.05))) -> 18
D78: 25-7639-1 | E78: =IF(Tabela_2025!E744="","",(CEILING((Tabela_2025!E744*(1+Tabela_2025!$N$1)),0.05))) -> 3.9 | G78: 25-7654-2 | H78: =IF(Tabela_2025!H744="","",(CEILING((Tabela_2025!H744*(1+Tabela_2025!$N$1)),0.05))) -> 3.55 | K78: =IF(Tabela_2025!K744="","",(CEILING((Tabela_2025!K744*(1+Tabela_2025!$N$1)),0.05)))
A79: 25-7620-1 | B79: =IF(Tabela_2025!B745="","",(CEILING((Tabela_2025!B745*(1+Tabela_2025!$N$1)),0.05))) -> 29.4 | D79: 25-7639-2 | E79: =IF(Tabela_2025!E745="","",(CEILING((Tabela_2025!E745*(1+Tabela_2025!$N$1)),0.05))) -> 5.15 | G79: 25-7654-3 | H79: =IF(Tabela_2025!H745="","",(CEILING((Tabela_2025!H745*(1+Tabela_2025!$N$1)),0.05))) -> 4.95 | J79: ART. DIVERSO C/ ESTOJO
A80: 25-7620-2 | B80: =IF(Tabela_2025!B746="","",(CEILING((Tabela_2025!B746*(1+Tabela_2025!$N$1)),0.05))) -> 33.45 | D80: 25-7639-3 | E80: =IF(Tabela_2025!E746="","",(CEILING((Tabela_2025!E746*(1+Tabela_2025!$N$1)),0.05))) -> 5.65 | G80: 25-7654-4 | H80: =IF(Tabela_2025!H746="","",(CEILING((Tabela_2025!H746*(1+Tabela_2025!$N$1)),0.05))) -> 6 | K80: =IF(Tabela_2025!K746="","",(CEILING((Tabela_2025!K746*(1+Tabela_2025!$N$1)),0.05)))
B81: =IF(Tabela_2025!B747="","",(CEILING((Tabela_2025!B747*(1+Tabela_2025!$N$1)),0.05))) | E81: =IF(Tabela_2025!E747="","",(CEILING((Tabela_2025!E747*(1+Tabela_2025!$N$1)),0.05))) | H81: =IF(Tabela_2025!H747="","",(CEILING((Tabela_2025!H747*(1+Tabela_2025!$N$1)),0.05))) | J81: 25-7678-1 | K81: =IF(Tabela_2025!K747="","",(CEILING((Tabela_2025!K747*(1+Tabela_2025!$N$1)),0.05))) -> 6.95
A82: 25-7621-1 | B82: =IF(Tabela_2025!B748="","",(CEILING((Tabela_2025!B748*(1+Tabela_2025!$N$1)),0.05))) -> 32.5 | D82: 25-7640-1 | E82: =IF(Tabela_2025!E748="","",(CEILING((Tabela_2025!E748*(1+Tabela_2025!$N$1)),0.05))) -> 3.15 | G82: 25-7655-1 | H82: =IF(Tabela_2025!H748="","",(CEILING((Tabela_2025!H748*(1+Tabela_2025!$N$1)),0.05))) -> 7.15 | K82: =IF(Tabela_2025!K748="","",(CEILING((Tabela_2025!K748*(1+Tabela_2025!$N$1)),0.05)))
A83: 25-7621-2 | B83: =IF(Tabela_2025!B749="","",(CEILING((Tabela_2025!B749*(1+Tabela_2025!$N$1)),0.05))) -> 42.7 | D83: 25-7640-2 | E83: =IF(Tabela_2025!E749="","",(CEILING((Tabela_2025!E749*(1+Tabela_2025!$N$1)),0.05))) -> 3.9 | G83: 25-7655-2 | H83: =IF(Tabela_2025!H749="","",(CEILING((Tabela_2025!H749*(1+Tabela_2025!$N$1)),0.05))) -> 8.2 | J83: 25-7679-1 | K83: =IF(Tabela_2025!K749="","",(CEILING((Tabela_2025!K749*(1+Tabela_2025!$N$1)),0.05))) -> 3.8
B84: =IF(Tabela_2025!B750="","",(CEILING((Tabela_2025!B750*(1+Tabela_2025!$N$1)),0.05))) | D84: 25-7640-3 | E84: =IF(Tabela_2025!E750="","",(CEILING((Tabela_2025!E750*(1+Tabela_2025!$N$1)),0.05))) -> 4.75 | G84: 25-7655-3 | H84: =IF(Tabela_2025!H750="","",(CEILING((Tabela_2025!H750*(1+Tabela_2025!$N$1)),0.05))) -> 8.85 | K84: =IF(Tabela_2025!K750="","",(CEILING((Tabela_2025!K750*(1+Tabela_2025!$N$1)),0.05)))
A85: 25-7622-1 | B85: =IF(Tabela_2025!B751="","",(CEILING((Tabela_2025!B751*(1+Tabela_2025!$N$1)),0.05))) -> 21 | E85: =IF(Tabela_2025!E751="","",(CEILING((Tabela_2025!E751*(1+Tabela_2025!$N$1)),0.05))) | H85: =IF(Tabela_2025!H751="","",(CEILING((Tabela_2025!H751*(1+Tabela_2025!$N$1)),0.05))) | J85: 25-7680-1 | K85: =IF(Tabela_2025!K751="","",(CEILING((Tabela_2025!K751*(1+Tabela_2025!$N$1)),0.05))) -> 6.95
A86: 25-7622-2 | B86: =IF(Tabela_2025!B752="","",(CEILING((Tabela_2025!B752*(1+Tabela_2025!$N$1)),0.05))) -> 27.5 | D86: 25-7641-1 | E86: =IF(Tabela_2025!E752="","",(CEILING((Tabela_2025!E752*(1+Tabela_2025!$N$1)),0.05))) -> 4.1 | H86: =IF(Tabela_2025!H752="","",(CEILING((Tabela_2025!H752*(1+Tabela_2025!$N$1)),0.05))) | K86: =IF(Tabela_2025!K752="","",(CEILING((Tabela_2025!K752*(1+Tabela_2025!$N$1)),0.05)))
B87: =IF(Tabela_2025!B753="","",(CEILING((Tabela_2025!B753*(1+Tabela_2025!$N$1)),0.05))) | D87: 25-7641-2 | E87: =IF(Tabela_2025!E753="","",(CEILING((Tabela_2025!E753*(1+Tabela_2025!$N$1)),0.05))) -> 5.7 | H87: =IF(Tabela_2025!H753="","",(CEILING((Tabela_2025!H753*(1+Tabela_2025!$N$1)),0.05))) | J87: 25-7681-1 | K87: =IF(Tabela_2025!K753="","",(CEILING((Tabela_2025!K753*(1+Tabela_2025!$N$1)),0.05))) -> 3.8
A88: 25-7623-1 | B88: =IF(Tabela_2025!B754="","",(CEILING((Tabela_2025!B754*(1+Tabela_2025!$N$1)),0.05))) -> 32.5 | D88: 25-7641-3 | E88: =IF(Tabela_2025!E754="","",(CEILING((Tabela_2025!E754*(1+Tabela_2025!$N$1)),0.05))) -> 6.65 | H88: =IF(Tabela_2025!H754="","",(CEILING((Tabela_2025!H754*(1+Tabela_2025!$N$1)),0.05))) | K88: =IF(Tabela_2025!K754="","",(CEILING((Tabela_2025!K754*(1+Tabela_2025!$N$1)),0.05)))
A89: 25-7623-2 | B89: =IF(Tabela_2025!B755="","",(CEILING((Tabela_2025!B755*(1+Tabela_2025!$N$1)),0.05))) -> 42.7 | E89: =IF(Tabela_2025!E755="","",(CEILING((Tabela_2025!E755*(1+Tabela_2025!$N$1)),0.05))) | H89: =IF(Tabela_2025!H755="","",(CEILING((Tabela_2025!H755*(1+Tabela_2025!$N$1)),0.05))) | J89: 25-7682-1 | K89: =IF(Tabela_2025!K755="","",(CEILING((Tabela_2025!K755*(1+Tabela_2025!$N$1)),0.05))) -> 6.95
A90: Referência | B90: Preço
A91: 25-7683-1 | B91: =IF(Tabela_2025!B757="","",(CEILING((Tabela_2025!B757*(1+Tabela_2025!$N$1)),0.05))) -> 3.9
B92: =IF(Tabela_2025!B758="","",(CEILING((Tabela_2025!B758*(1+Tabela_2025!$N$1)),0.05)))
A93: 25-7684-1 | B93: =IF(Tabela_2025!B759="","",(CEILING((Tabela_2025!B759*(1+Tabela_2025!$N$1)),0.05))) -> 9.6
B94: =IF(Tabela_2025!B760="","",(CEILING((Tabela_2025!B760*(1+Tabela_2025!$N$1)),0.05)))
A95: ESTOJOS DIVERSOS
B96: =IF(Tabela_2025!B762="","",(CEILING((Tabela_2025!B762*(1+Tabela_2025!$N$1)),0.05)))
A97: 25-7686 | B97: =IF(Tabela_2025!B763="","",(CEILING((Tabela_2025!B763*(1+Tabela_2025!$N$1)),0.05))) -> 7.6
B98: =IF(Tabela_2025!B764="","",(CEILING((Tabela_2025!B764*(1+Tabela_2025!$N$1)),0.05)))
A99: 25-7687 | B99: =IF(Tabela_2025!B765="","",(CEILING((Tabela_2025!B765*(1+Tabela_2025!$N$1)),0.05))) -> 7.9
B100: =IF(Tabela_2025!B766="","",(CEILING((Tabela_2025!B766*(1+Tabela_2025!$N$1)),0.05)))
A101: 25-7688 | B101: =IF(Tabela_2025!B767="","",(CEILING((Tabela_2025!B767*(1+Tabela_2025!$N$1)),0.05))) -> 7.8
...
